 Dungeon Crawl Stone Soup version 0.21.1-1-g345015f (webtiles) character file.

82 volk64 the Grave Robber (level 4, 0/30 HPs)
             Began as a Vampire Necromancer on June 3, 2018.
             Slain by an orc
             ... wielding a +0 hand axe
              (8 damage)
             ... on level 3 of the Dungeon.
             The game lasted 00:10:47 (1615 turns).

volk64 the Grave Robber (Vampire Necromancer)       Turns: 1615, Time: 00:10:48

Health: 0/30       AC:  2    Str:  7    XL:     4   Next: 21%
Magic:  4/8        EV: 13    Int: 18    God:
Gold:   85         SH:  0    Dex: 14    Spells: 2/8 levels left

rFire    + . .     SeeInvis +   o - +0 dagger
rCold    + . .     Gourm    .   (no shield)
rNeg     + . .     Faith    .   a - +0 robe
rPois    .         Spirit   .   (no helmet)
rElec    .         Reflect  .   j - scarf {rC+ rF+}
rCorr    .         Harm     .   (no gloves)
MR       .....                  (no boots)
Stlth    ++........             (no amulet)
HPRegen  0.10/turn              (no ring)
MPRegen  0.11/turn              (no ring)

@: no status effects
A: fangs 3, see invisible, unbreathing
a: Bat Form


You were on level 3 of the Dungeon.
You were not thirsty.

You visited 1 branch of the dungeon, and saw 3 of its levels.

You collected 85 gold pieces.

Inventory:

Hand Weapons
 d - a +0 whip
 e - a +0 spear
 o - a +0 dagger (weapon)
Armour
 a - a +0 robe (worn)
 j - a scarf of resistance (worn)
Scrolls
 f - a scroll of remove curse
 g - a scroll of fear {unknown}
 i - a scroll of teleportation
Potions
 c - 3 potions of blood
 h - 2 potions of resistance
Books
 b - a book of Necromancy

   Spells                             Type                      Level
   a - Pain                           Necromancy                   1
   b - Animate Skeleton               Necromancy                   1
   c - Vampiric Draining              Necromancy                   3
   d - Regeneration                   Charms/Necromancy            3
   e - Animate Dead                   Necromancy                   4
   f - Borgnjor's Vile Clutch         Necromancy/Earth             5


   Skills:
 + Level 0.3 Polearms
 + Level 2.5 Dodging
 + Level 3.1 Stealth
 + Level 2.7 Spellcasting
 + Level 5.5 Necromancy


You had 2 spell levels left.
You knew the following spells:

 Your Spells              Type           Power        Failure   Level  Hunger
a - Pain                  Necr           ###.         1%          1    #......
b - Animate Skeleton      Necr           N/A          1%          1    #......
c - Animate Dead          Necr           N/A          17%         4    #####..


Dungeon Overview and Level Annotations

Branches:
Dungeon (3/15)

Altars:
The Shining One


Innate Abilities, Weirdness & Mutations

You have razor-sharp teeth.
You have supernaturally acute eyesight. (SInv)
You can survive without breathing.


Message History

The orc misses you.
You feel better. The hobgoblin closely misses you.
The orc wizard hits you but does no damage.
The orc barely misses you.
You completely miss the orc wizard. Your bite misses the orc wizard.
The orc wizard is almost dead.
The hobgoblin closely misses you. The orc wizard hits you with a dagger.
You hit the orc wizard but do no damage.
The orc wizard is almost dead.
The orc hits you but does no damage. The hobgoblin completely misses you.
The orc wizard hits you with a dagger.
You hit the orc wizard but do no damage.
The orc wizard is almost dead.
The orc closely misses you. The orc wizard hits you with a dagger.
* * * LOW HITPOINT WARNING * * *
The hobgoblin hits you but does no damage.
You hit the orc wizard but do no damage.
The orc wizard is almost dead.
The orc hits you with a hand axe!
You die...

#. #... +..........##
#..########...........
<..#......#..........##
#..#.####.#...........
...#....#.#.........#
#.##.#..#.#.....†.!.#
.......<#.#....oog..#
..#...#.#[######@#
#.#.#...#.##.....#
#.#.....#.##.....#
#>.........'.....+
......#.#.##.....#
#####.#.#.##.....# .<#
.# #.##.....# ###
#.#........ #####.#
#.#...≈.....


You could see an orc wizard, an orc and a hobgoblin.

Vanquished Creatures
  3 adders (D:2)
  A worm (D:2)
  A dart slug (D:2)
  3 leopard geckos (D:1)
  An orc (D:3)
  3 giant cockroaches
  3 goblins
  9 hobgoblins
  2 quokkas (D:2)
  2 bats (D:1)
  3 frilled lizards (D:1)
  5 kobolds
  7 rats
43 creatures vanquished.

Vanquished Creatures (collateral kills)
  A dart slug (D:1)
  A kobold (D:2)
  2 rats
4 creatures vanquished.

Grand Total: 47 creatures vanquished

Notes
Turn   | Place    | Note
-------+----------+-------------------------------------------
     0 | D:1      | volk64 the Vampire Necromancer began the quest for the Orb.
     0 | D:1      | Reached XP level 1. HP: 13/13 MP: 3/3
    13 | D:1      | Learned a level 1 spell: Animate Skeleton
   160 | D:1      | Reached XP level 2. HP: 15/19 MP: 0/5
   517 | D:1      | Reached skill level 5 in Necromancy
   607 | D:1      | Reached XP level 3. HP: 20/24 MP: 1/6
  1096 | D:2      | Reached XP level 4. HP: 22/30 MP: 5/7
  1102 | D:2      | Learned a level 4 spell: Animate Dead
  1301 | D:2      | Found a glowing golden altar of the Shining One.
  1615 | D:3      | Slain by an orc

Skill      XL: |  1  2 |
---------------+-------+-----
Necromancy     | 5 |  5.5
Polearms       | |  0.3
Dodging        | |  2.5
Stealth        | |  3.1
Spellcasting   | |  2.7

Action                   |  1- 3 |  4- 6 || total
-------------------------+-------+-------++-------
Melee: Spear             |    67 |       ||    67
       Bite              |     2 |     1 ||     3
       Dagger            |    13 |    26 ||    39
 Cast: Pain              |    46 |    10 ||    56
       Animate Skeleton  |     7 |     1 ||     8
       Animate Dead      |       |     4 ||     4
  Use: Scroll            |     5 |     2 ||     7
       Potion            |     4 |     2 ||     6
 Stab: Sleeping          |     2 |       ||     2
  Eat: Corpse            |     5 |       ||     5
Armor: Robe              |    12 |     4 ||    16
Dodge: Dodged            |    55 |    31 ||    86
